 Dungeon Crawl Stone Soup version 0.28-a0-1565-g95a8017c83 (webtiles) character file.

Game seed: 1606519190533986501

546 Hasart the Insei (level 7, -2/45 HPs)
             Began as an Octopode Transmuter on Jan 19, 2022.
             Slain by a scorpion (7 damage)
             ... on level 3 of the Dungeon.
             The game lasted 00:06:26 (4174 turns).

Hasart the Insei (Octopode Transmuter)              Turns: 4174, Time: 00:06:26

Health: -2/45      AC:  1    Str:  9    XL:     7   Next: 28%
Magic:  11/11      EV: 13    Int: 18    God:
Gold:   84         SH:  0    Dex: 12    Spells: 2/12 levels left

rFire   . . .      SeeInvis .     - Unarmed
rCold   . . .      Faith    .   (no shield)
rNeg    . . .      Spirit   .   (helmet restricted)
rPois   .          Reflect  .   (no amulet)
rElec   .          Harm     .   (no ring)
rCorr   .          Rampage  .   (no ring)
Will    .....                   (no ring)
Stlth   ++........              (no ring)
HPRegen 0.15/turn               (no ring)
MPRegen 0.12/turn               (no ring)
                                (no ring)
                                (no ring)

@: no status effects
A: almost no armour, amphibious, 8 rings, camouflage 1, gelatinous body 1,
(nimble swimmer 1), tentacles
a: no special abilities


You were on level 3 of the Dungeon.
You visited 1 branch of the dungeon, and saw 4 of its levels.

You collected 84 gold pieces.

Inventory:

Missiles
 g - 11 boomerangs (quivered)
Scrolls
 b - a scroll of magic mapping {unknown}
 c - a scroll of silence {unknown}
 d - 2 scrolls of identify {unknown}
 e - 2 scrolls of teleportation {unknown}
 i - a scroll of fear {unknown}
 j - a scroll of noise {unknown}
 k - a scroll of immolation {unknown}
 m - a scroll of enchant weapon {unknown}
Potions
 a - 2 potions of might {unknown}
 f - a potion of haste {unknown}
 h - a potion of attraction {unknown}
 l - a potion of mutation {unknown}


   Skills:
 + Level 2.8 Fighting
 + Level 1.0 Throwing
 + Level 3.3 Dodging
 * Level 5.0 Unarmed Combat
 + Level 3.1 Spellcasting
 + Level 3.2 Transmutations
 + Level 0.3 Ice Magic
 + Level 2.7 Poison Magic


You had 2 spell levels left.
You knew the following spells:

 Your Spells              Type           Power      Damage    Failure   Level
a - Beastly Appendage     Tmut           28%        N/A       4%          1
b - Wereblood             Tmut           14%        N/A       6%          2
c - Spider Form           Tmut/Pois      13%        N/A       14%         3
d - Ice Form              Ice/Tmut       9%         N/A       58%         4

Your spell library contained the following spells:

 Spells                   Type           Power      Damage    Failure   Level
 Magic Dart               Conj           8%         1d3       16%         1
 Blink                    Tloc           4%         N/A       24%         2
 Call Imp                 Summ           2%         N/A       24%         2
 Mephitic Cloud           Conj/Pois/Air  6%         N/A       32%         3
 Lesser Beckoning         Tloc           2%         N/A       43%         3
 Manifold Assault         Tloc           2%         N/A       99%         5


Dungeon Overview and Level Annotations

Branches:
Dungeon (4/15)
 Temple: D:4-7

Altars:
Qazlal

Annotations:
D:3 2 transporters, kae's ghost, amateur DsTm


Innate Abilities, Weirdness & Mutations

You cannot wear most types of armour.
You are amphibious.
You can wear up to eight rings at the same time.
Your skin changes colour to match your surroundings (Stealth+).
Your rubbery body absorbs attacks. (AC +1, EV +1)
((You are camouflaged when in or above water. (Stealth+)))
You have tentacles for arms and can constrict up to eight enemies at once.


Message History

* * * LOW HITPOINT WARNING * * *
The ball python closely misses you.
You see here a quokka skeleton.
Items here: ))) รท.
The ball python barely misses you. x2
The ball python bites you.
* * * LOW HITPOINT WARNING * * *
The ball python closely misses you.
You see here a +0 ring mail.
The ball python bites you.
* * * LOW HITPOINT WARNING * * *
The ball python barely misses you. The ball python closely misses you.
The ball python grabs you. The ball python constricts you.
* * * LOW HITPOINT WARNING * * *
The ball python's grasp on you weakens, but your attempt to escape fails.
The ball python completely misses you. The ball python constricts you.
You escape the ball python's grasp.
The ball python closely misses you. The ball python grabs you.
The ball python constricts you.
* * * LOW HITPOINT WARNING * * *
You escape the ball python's grasp.
The scorpion closely misses you. The ball python bites you.
* * * LOW HITPOINT WARNING * * *
The ball python grabs you. The ball python constricts you.
* * * LOW HITPOINT WARNING * * *
You escape the ball python's grasp.
There is a stone staircase leading up here.
The scorpion closely misses you. x2
You climb upwards.
Level annotation: 2 transporters, kae's ghost, amateur DsTm
There is a stone staircase leading down here.
Casting: Spider Form (dangerous; 14% risk of failure)
Confirm with . or Enter, or press ? or * to list all spells.
Okay, then.
You barely miss the scorpion. You grab the scorpion.
You constrict the scorpion, but do no damage.
The scorpion stings you!
You die...

#......# #....... ######.#
######## #.# ######## #.#
#....... ######.# #.......
#...##.####### #.......
####...##.......###.......
#................##.......
#.##.....@........'.......
#..'.<....s......##.......
#####.....<.......##.......
#....#............#########
#.##.#.#..........#
#.##.#.#..........#
#.##.#.#..........#
#.##.#...#.....############
#.##.#####.................


You could see a scorpion.

Vanquished Creatures
  Sigmund (D:3)
  A water moccasin zombie (D:4)
  A water moccasin skeleton (D:4)
  A hound (D:3)
  A jelly (D:4)
  9 adders
  9 gnolls
  2 dart slugs (D:1)
  An orc (D:3)
  4 bats
  4 endoplasms
  2 giant cockroaches (D:2)
  3 goblins
  4 hobgoblins
  5 kobolds
  2 quokkas
  8 ball pythons
  5 frilled lizards
  A rat (D:1)
64 creatures vanquished.

Notes
Turn   | Place    | Note
-------+----------+-------------------------------------------
     0 | D:1      | Hasart the Octopode Transmuter began the quest for the Orb.
     0 | D:1      | Reached XP level 1. HP: 13/13 MP: 3/3
   186 | D:1      | Found a faded altar of an unknown god.
   239 | D:1      | Reached XP level 2. HP: 17/18 MP: 5/5
   352 | D:1      | Learned a level 2 spell: Wereblood
   941 | D:2      | Reached XP level 3. HP: 15/23 MP: 6/6
  1120 | D:2      | Learned a level 3 spell: Spider Form
  1182 | D:2      | Reached XP level 4. HP: 12/28 MP: 7/7
  1889 | D:2      | Reached skill level 1 in Poison Magic
  2214 | D:3      | Noticed Sigmund
  2256 | D:3      | Killed Sigmund
  2257 | D:3      | Reached skill level 4 in Unarmed Combat
  2257 | D:3      | Reached XP level 5. HP: 34/35 MP: 5/9
  2257 | D:3      | Reached XP level 6. HP: 38/40 MP: 5/10
  2306 | D:3      | Found a transporter.
  2413 | D:3      | Found a transporter.
  2415 | D:3      | Noticed kae's ghost (amateur DsTm)
  2443 | D:3      | Found a stormy altar of Qazlal.
  3786 | D:4      | Reached XP level 7. HP: 43/45 MP: 5/11
  3804 | D:4      | Learned a level 4 spell: Ice Form
  3961 | D:4      | Reached skill level 1 in Throwing
  3961 | D:4      | Reached skill level 5 in Unarmed Combat
  4174 | D:3      | Slain by a scorpion

Illustrated notes

Levels and vault maps discovered:
D:1:      scummos_arrival_simple_crosswalls, layout_loops_cross,
          hellmonk_ecumenical_altar_heavens_door
D:2:      layout_loops_ring
D:3:      layout_basic, mainiacjoe_overflow_paths, gammafunk_ghost_mausoleum,
          uniq_sigmund
D:4:      layout_layer_cave

Skill      XL: |  1  2  3  4  5  6  7 |
---------------+----------------------+-----
Poison Magic   | 2 |  2.7
Fighting       | 2 |  2.8
Dodging        | 3 |  3.3
Unarmed Combat | 4 5 |  5.0
Transmutations | 3 |  3.2
Spellcasting   | 3 |  3.1
Throwing       | 1 |  1.0
Ice Magic      | |  0.3

Action                   |  1- 3 |  4- 6 |  7- 9 || total
-------------------------+-------+-------+-------++-------
Melee: Unarmed           |    49 |   100 |    24 ||   173
       Tentacles         |    15 |    12 |     5 ||    32
       Constrict         |    12 |    14 |     4 ||    30
       Punch             |     1 |     1 |     1 ||     3
 Cast: Spider Form       |       |     4 |     1 ||     5
       Wereblood         |       |     2 |       ||     2
 Stab: Sleeping          |     6 |     8 |     3 ||    17
Armor: Skin              |     4 |     3 |     3 ||    10
Dodge: Dodged            |    31 |    64 |    30 ||   125

Table legend: (Time is in decaauts)
 A = Elapsed time spent in this place.
 B = Non-inter-level travel time spent in this place.
 C = Inter-level travel time spent in this place.
 D = Time resting spent in this place.
 E = Time spent auto-exploring this place.
 F = Levels seen in this place.
 G = Mean time per level.
                   A        B        C        D        E       F      G
               +--------+--------+--------+--------+--------+-----+--------+
         Total |   4160 |   4106 |     54 |    566 |   2900 |   4 | 1040.0 |
       Dungeon |   4160 |   4106 |     54 |    566 |   2900 |   4 | 1040.0 |
               +--------+--------+--------+--------+--------+-----+--------+

Top non-repeatable levels by time:
     D:2: 1305 daAuts
     D:3: 1202 daAuts
     D:1: 878 daAuts
     D:4: 774 daAuts
